[Event "1000GM Saint Louis 2022"]
[Site "Saint Louis"]
[Date "2022.07.21"]
[Round "6.1"]
[White "Woodward, Andy"]
[Black "Chandra, Akshat"]
[Result "1-0"]
[ECO "E73"]
[WhiteElo "2486"]
[BlackElo "2485"]
[Annotator "TA"]
[PlyCount "77"]
[EventDate "2022.07.20"]
[EventType "tourn"]
[EventCountry "USA"]
[SourceTitle "playchess.com"]
[Source "ChessBase"]
[SourceQuality "1"]
[TimeControl "5400+30"]

1. d4 Nf6 2. c4 g6 3. Nc3 Bg7 4. e4 d6 5. Be2 O-O 6. Be3 c6 7. h3 e5 {[%emt 0:03:51] E73: King's Indian: Averbakh Variation without 6...c5.} 8. d5 Na6 9. g4 {[%emt 0:09:53][%cal Bg2g4,Bg4g5][%mdl 32] [#]} Nc5 $146 {[%emt 0:03:17] The position is equal.} ({Predecessor:} 9... cxd5 10. cxd5 Nc5 11. Qc2 Bd7 12. b4 Na6 13. Qb2 Rc8 14. Bd3 h5 15. g5 Nh7 {0-1 (77) Tarasova,V (2226)-Bodnaruk,A (2411) Chess.com INT 2020}) 10. f3 a5 11. h4 h5 12. g5 Nh7 13. Nh3 a4 14. Qd2 cxd5 15. Nxd5 Be6 ({Black should try} 15... Re8 $14) 16. O-O-O $16 Bxd5 17. cxd5 (17. Qxd5 $6 Qb6 $11) 17... Qb6 18. Kb1 Rfb8 19. Rc1 Nf8 20. Nf2 Nfd7 21. Nd3 Bf8 22. Rhd1 Qa7 23. Nxc5 Nxc5 24. Bxc5 dxc5 25. f4 a3 26. b3 exf4 $2 {[%emt 0:00:46] [#]} ({Black should play} 26... b5 $1 $14) 27. e5 ({Much less strong is} 27. Qxf4 b5 $16) (27. d6 $1 $18) 27... b5 (27... Re8 $16) 28. d6 $18 c4 (28... Rb6 {was necessary.} 29. Qxf4 (29. Bf3 Re8 $18) 29... c4) 29. Bf3 (29. Qxf4 Qd7 $16) 29... Qd7 30. Bxa8 ({Not} 30. bxc4 $2 bxc4+ 31. Ka1 Qb5 $19) (30. Qxf4 Ra7 31. Bd5 Qh3 $16) 30... Rxa8 31. Qxf4 cxb3 $2 (31... Kh7 32. Qe4 (32. bxc4 Ra4 $18) 32... Re8) 32. Rc7 bxa2+ 33. Ka1 Qe6 34. Rf1 {[%emt 0:00:20][%cal Rf4f7] Active counter play!} f5 35. gxf6 {[%emt 0:01:21] [#] Threatening mate with Rg1.} Ra4 36. Qe3 {[%emt 0:01:18] Hoping for d7.} b4 37. Rg1 {[%emt 0:01:54] White mates.} Qf5 38. Qb3+ Kh8 39. Rh7+ {[%emt 0:00:03] Weighted Error Value: White=0.10 (very precise) /Black=0.41} 1-0

[Event "1000GM Saint Louis 2022"]
[Site "Saint Louis"]
[Date "2022.07.21"]
[Round "6.2"]
[White "Yu, Jennifer"]
[Black "Kretchetov, Alexandre"]
[Result "1-0"]
[ECO "A25"]
[WhiteElo "2268"]
[BlackElo "2219"]
[Annotator "TA"]
[PlyCount "57"]
[EventDate "2022.07.20"]
[EventType "tourn"]
[EventCountry "USA"]
[SourceTitle "playchess.com"]
[Source "ChessBase"]
[SourceQuality "1"]
[TimeControl "5400+30"]

1. c4 e5 2. g3 Nc6 3. Bg2 d6 4. Nc3 Be6 5. Nd5 Qd7 6. d3 Nge7 {[%emt 0:02:06] A25: English Opening vs King's Indian with ...Nc6 but without early d3.} 7. e3 Bxd5 8. cxd5 Nb4 {[%emt 0:00:11] [#] White is slightly better.} 9. Qb3 $146 ({Predecessor:} 9. e4 Qb5 10. Ke2 c6 11. Qb3 Qb6 12. Be3 c5 13. Qa4+ Kd8 14. Bd2 Qa6 15. Qb3 {1-0 (27) Heinrich,G-Troeger,P Neustadt an der Weinstrasse 1957}) 9... Qb5 10. Ke2 {[%emt 0:00:11] aiming for a3.} a6 {[%emt 0:00:10] [#]} (10... Nexd5 $2 11. a3 $18) (10... Qb6 $16) 11. a4 (11. e4 $1 $18 {and the rest is easy.}) 11... Qb6 $16 12. Bd2 $36 {[%emt 0:10:20][%mdl 2048] White fights for an advantage.} a5 13. Rc1 g6 14. Bxb4 {[%emt 0:05:41][%cal Oc1c4] Black is now going downhill.} axb4 {[%emt 0:12:05] [#]} (14... Bg7 $142) 15. Rc4 $1 c5 (15... Qa5 $16) 16. dxc6 $1 $18 bxc6 17. Rxb4 Qd8 18. Rb7 {[%emt 0:09:01][%cal Og2c6] White wants to mate with Bxc6+!} Bg7 $2 {[%emt 0:04:29] [#]} (18... d5 19. Nf3 Qd6) 19. Bxc6+ $1 Kf8 {[%emt 0:00:25] [#]} 20. Nf3 $1 Bf6 {[%emt 0:00:06] [#]} 21. Rxe7 $1 Bxe7 22. Bxa8 Qxa8 23. Rc1 {[%emt 0:00:34] Strongly threatening Rc7.} Kg7 24. Rc7 Rb8 25. Qa2 Kf8 {[%emt 0:00:58] [#]} 26. Ng5 $1 d5 27. Nxh7+ Ke8 28. a5 {[%emt 0:01:37] White threatens Qa4+ and mate.} e4 (28... Kd8 $18) 29. Qa4+ {[%emt 0:00:22] Weighted Error Value: White=0.05 (flawless) /Black=0.61} 1-0

[Event "1000GM Saint Louis 2022"]
[Site "Saint Louis"]
[Date "2022.07.21"]
[Round "6.3"]
[White "Abrahamyan, Tatev"]
[Black "Dragun, Kamil"]
[Result "1-0"]
[ECO "B82"]
[WhiteElo "2291"]
[BlackElo "2563"]
[Annotator "TA"]
[PlyCount "81"]
[EventDate "2022.07.20"]
[EventType "tourn"]
[EventCountry "USA"]
[SourceTitle "playchess.com"]
[Source "ChessBase"]
[SourceQuality "1"]
[TimeControl "5400+30"]

1. e4 c5 2. Nf3 e6 3. d4 cxd4 4. Nxd4 a6 5. Nc3 Qc7 6. Bd3 Nf6 7. f4 d6 8. Qf3 Nbd7 9. g4 {[%emt 0:07:19][%cal Bg2g4,Bg4g5][%mdl 32] White is more active. B82: Sicilian Scheveningen: 6 f4.} Nc5 10. g5 Nfd7 11. Be3 {[%emt 0:00:29] White is slightly better.} b5 12. O-O-O (12. a3 $14) 12... Nxd3+ 13. Rxd3 (13. cxd3 $2 b4 14. Kb1 bxc3 $19) 13... Nc5 {[%emt 0:00:05] [#]} (13... b4 $5 14. Nce2 Bb7 $15) 14. Rdd1 $146 ({Predecessor:} 14. Rd2 b4 15. Nce2 Nxe4 16. Qxe4 Bb7 17. Nxe6 fxe6 18. Qxe6+ Qe7 19. Qxe7+ Bxe7 20. Re1 {1-0 (41) Englert,F (2282)-Andersen,S (2115) Helsingor 2013}) 14... b4 15. Nce2 Bb7 16. Ng3 Rc8 {[%emt 0:02:05][%cal Ob4b3] White must now prevent ...b3!} 17. Rd2 a5 (17... g6 $11) 18. Rhd1 (18. Kb1 {looks sharper.} Na4 19. f5 e5 20. Nde2) 18... d5 (18... Ba6 $11) 19. exd5 {[%emt 0:05:01] And now Qe2 would win.} Bxd5 20. Qe2 {[%emt 0:00:07] Hoping for Nb5.} Be7 21. f5 (21. Nb5 $16 Qd7 22. f5) 21... O-O (21... Bxa2 $11 22. Rf1 Qb7) 22. f6 $1 $14 {[%emt 0:02:42] White stays focused until the end.} Bd8 23. fxg7 Re8 {[%emt 0:00:05] [#]} 24. Kb1 $36 {[%emt 0:04:10][%mdl 2048] Threatens to win with Rf1. Black is under strong pressure.} a4 {[%emt 0:00:32] [#]} (24... Nb7 $16 {might work better.} 25. Nh5 Be7) 25. Nb5 $1 $18 {[%emt 0:02:11] The board is on fire.} Qe7 (25... Qd7 26. Rf1 Rb8) 26. Bf4 {[%emt 0:00:21] Nd6 is the strong threat.} b3 (26... Qd7 $142 27. Nd6 Be7) 27. Nd6 {[%emt 0:01:39] White is clearly winning.} bxa2+ 28. Ka1 a3 29. b3 (29. Nxc8 axb2+ 30. Kxb2 Na4+ 31. Ka1 Qb4 $18) 29... Qc7 30. Rxd5 ({Inferior is} 30. Nxe8 Nxb3+ 31. cxb3 Qc3+ 32. Rb2 (32. Kxa2 $2 Bxb3+ 33. Kb1 Bxg5 $19) 32... Bf3 $17) 30... Na4 31. Qd2 exd5 32. Nxe8 {[%emt 0:00:43] Pair of Knights!} Qc6 33. Nd6 Ba5 34. Qxa5 Qxc2 35. Qd2 Qb2+ 36. Qxb2 axb2+ 37. Kxa2 Nc3+ 38. Kxb2 {[%emt 0:00:10] White wants to mate with Ra1.} Nxd1+ 39. Kb1 Nc3+ 40. Kc2 Rc6 41. Ndf5 {[%emt 0:01:46] Weighted Error Value: White=0.25 (precise) /Black=0.45} (41. Ngf5 $142 Nb5+ 42. Kb2 Nxd6 43. Bxd6 Rxd6 44. Nxd6 Kxg7 45. Kc3) 1-0

[Event "1000GM Saint Louis 2022"]
[Site "Saint Louis"]
[Date "2022.07.21"]
[Round "6.4"]
[White "Eswaran, Ashritha"]
[Black "Gauri, Shankar"]
[Result "1-0"]
[ECO "C45"]
[WhiteElo "2394"]
[BlackElo "2376"]
[Annotator "TA"]
[PlyCount "41"]
[EventDate "2022.07.20"]
[EventType "tourn"]
[EventCountry "USA"]
[SourceTitle "playchess.com"]
[Source "ChessBase"]
[SourceQuality "1"]
[TimeControl "5400+30"]

1. e4 e5 2. Nf3 Nc6 3. d4 exd4 4. Nxd4 Nf6 5. Nxc6 bxc6 6. e5 Qe7 7. Qe2 Nd5 8. h4 Qe6 {[%emt 0:02:07] C45: Scotch Game.} 9. Nd2 $1 {[%emt 0:01:10] 9.Nd2 is better than 9.g3.} a5 10. c4 Nb6 {[%emt 0:01:57] Black has an edge.} 11. g3 (11. h5 $11) 11... Bb4 $15 {[%emt 0:17:37] [#]} 12. h5 $146 ({Predecessor:} 12. a3 Bxd2+ 13. Bxd2 Ba6 14. Rc1 O-O 15. Bh3 f5 16. exf6 Qxe2+ 17. Kxe2 Bxc4+ 18. Ke1 Rxf6 {0-1 (45) Jashari,A (2109)-Thorn,E (2292) Struga 2021}) 12... d6 ({Black should try} 12... Ba6 $17 {And now ...Nxc4 would win.} 13. b3 Bc3) 13. exd6 cxd6 14. h6 g6 ({Don't play} 14... gxh6 15. Rxh6 Qxe2+ 16. Bxe2 $16) (14... O-O $1 $15) 15. a3 $1 $11 Bxd2+ 16. Bxd2 Nxc4 17. Bc3 O-O {[%emt 0:01:49] [#] Threatens to win with ...Qd5.} 18. O-O-O $1 $36 {[%emt 0:01:09][%mdl 3072] White has compensation. White has good play.} Ba6 19. Qd3 f6 20. Qd4 Rad8 $2 (20... Qf7 $14) 21. Qa7 {[%emt 0:00:35] Weighted Error Value: White=0.05 (flawless) /Black=0.68} 1-0

[Event "1000GM Saint Louis 2022"]
[Site "Saint Louis"]
[Date "2022.07.21"]
[Round "6.5"]
[White "Belous, Vladimir"]
[Black "Mardov, Dimitar"]
[Result "1-0"]
[ECO "A09"]
[WhiteElo "2519"]
[BlackElo "2396"]
[Annotator "TA"]
[PlyCount "87"]
[EventDate "2022.07.20"]
[EventType "tourn"]
[EventCountry "USA"]
[SourceTitle "playchess.com"]
[Source "ChessBase"]
[SourceQuality "1"]
[TimeControl "5400+30"]

1. Nf3 d5 2. c4 d4 3. g3 g6 4. Bg2 Bg7 5. O-O e5 6. e3 {[%emt 0:00:40] A09: Réti Opening: 1 Nf3 d5 2 c4.} Ne7 7. exd4 exd4 8. d3 {[%emt 0:00:38] White has an edge.} O-O 9. Re1 c5 10. Nbd2 Nbc6 11. Ne4 b6 12. Bf4 {[%emt 0:00:19] [#]} h6 $146 ({Predecessor:} 12... Bd7 13. Qd2 Bf5 14. Bh6 Qd7 15. Bxg7 Kxg7 16. Qf4 f6 17. h4 Rad8 18. a3 Rf7 {½-½ (64) De Wit,T (2268)-Manea,A (2390) Haarlem 2010}) 13. h4 Be6 (13... Nf5 $14 {is more appropriate.}) 14. Qd2 Nf5 15. h5 {[%emt 0:11:34] hxg6 is the strong threat.} gxh5 16. Qd1 Nfe7 (16... Nce7 $14) 17. Nh4 {[%emt 0:04:35][%mdl 1024] White has strong compensation.} Bg4 18. Qd2 Kh7 (18... Ng6 $1 $14) 19. Nd6 $16 Qd7 {[%emt 0:01:30] [#]} 20. Be4+ $1 Kg8 21. Kh2 (21. a3 $142) 21... Ng6 {[%emt 0:02:45] [#]} (21... Rad8 $142) 22. Nhf5 (22. Nxg6 fxg6 23. Bd5+ Kh7 24. Bxc6 Qxc6 $11) ({White should play} 22. f3 $1 Nxh4 23. gxh4 (23. fxg4 Be5 $16)) 22... Nce5 23. Bxa8 {[%emt 0:06:33] White is much more active. The black rooks are badly placed.} (23. Bxh6 Bxh6 24. Nxh6+ (24. Qxh6 $2 Bxf5 25. Bxf5 Qxd6 $19) 24... Kh7 $11) (23. Nxg7 Qxd6 24. Bxe5 (24. Bxa8 $2 Rxa8 25. Rxe5 Nxe5 $19) 24... Nxe5 $17) (23. Bxe5 {looks sharper.} Nxe5 24. Bxa8 Bxf5 25. Nxf5 Qxf5 26. Be4) 23... Rxa8 24. Bxe5 Nxe5 {[%emt 0:02:31] [#]} 25. Rxe5 Bxe5 {[%emt 0:00:08] This bishop pair is nice.} 26. Nxh6+ Kh7 {[%emt 0:01:24] [#]} 27. Nhxf7 {[%emt 0:00:35] Hoping for Qh6+.} Bg7 {[%emt 0:01:45] Inhibits Qh6+.} (27... Bxd6 28. Qh6+) 28. Qg5 (28. f3 $18 Bf5 29. Ng5+ Kg6 30. Nxf5 Qxf5 31. f4) 28... Rf8 $11 29. Qd5 {[%emt 0:01:00] Strongly threatening Re1.} Qe7 {[%emt 0:03:59] Inhibits Re1.} 30. Ng5+ Kg6 $1 (30... Kh8 $2 31. Ndf7+ Rxf7 32. Nxf7+ $18) 31. Nde4 Bf6 (31... Bh6 $1 $11 {remains equal.} 32. f4 Bxg5 33. Nxg5 (33. fxg5 Qe6 $15) 33... Kg7) 32. Nxf6 (32. Nh3 $16) 32... Rxf6 33. Ne4 Rf3 34. b4 h4 (34... Be6 $11 35. Qc6 cxb4) 35. bxc5 $16 hxg3+ 36. fxg3 {[%emt 0:01:39] Dancing on a razor blade.} bxc5 (36... Rxd3 $142 37. cxb6 Bf3 38. Qc6+ (38. b7 Qh7+) 38... Kf5 39. g4+ (39. Qd5+ Kg6 $16) 39... Kf4 40. Qc7+ (40. b7 Qh4+ 41. Kg1 Qh1+ 42. Kf2 Qg2+ 43. Ke1 Qg1#) 40... Qxc7 41. bxc7 Bxg4) 37. Rb1 $36 {[%emt 0:01:23][%mdl 2048] aiming for Rb7. White is really pushing.} Rf7 (37... Re3 $16 38. Qc6+ (38. Nxc5 {leads to mate.} Re2+) 38... Qe6 39. Qxc5 Re2+ 40. Kg1 Rxe4 41. dxe4 Qxe4 42. Qd6+ (42. Rf1 Qe3+ 43. Rf2 Qxg3+ 44. Rg2 Qe1+ 45. Kh2 Qh4+ 46. Kg1 Qe1+ 47. Kh2 Qh4+ 48. Kg1 Qe1+ $11) 42... Kg7 43. Rb7+ (43. Rf1 Qe3+ 44. Rf2 Qe1+ 45. Kg2 Bh3+ 46. Kxh3 Qxf2 $16) 43... Qxb7 44. Qxd4+ Kh7) 38. Rb8 {[%emt 0:00:44] Threatens to win with Rg8+.} Bf5 $2 (38... Bf3 {keeps fighting.}) 39. Rh8 Rh7+ (39... Bxe4 $2 40. Qh5+ Kf6 41. dxe4 $18) 40. Rxh7 Qxh7+ 41. Kg1 {[%emt 0:00:07] White threatens Qd6+ and mate.} Qh5 $2 (41... Qe7 $18 42. Qxc5 Qxc5 43. Nxc5 Kf6 44. Ne4+ Ke5) 42. Qg8+ Kh6 43. Qf8+ Kg6 44. Qf6+ {[%emt 0:00:00] Weighted Error Value: White=0.22 (precise) /Black=0.43} (44. Qe8+ $142 Kh6 45. Qh8+ Kg6 46. Qf6+ Kh7 47. Ng5+ Kg8 48. Qxf5 Qd1+ 49. Kf2 Qd2+ 50. Kf1 Qd1+ 51. Kf2 Qd2+ 52. Kf3 Qe3+ 53. Kg4 Qe2+ 54. Kh4 Qh2+ 55. Nh3) 1-0

[Event "1000GM Saint Louis 2022"]
[Site "Saint Louis"]
[Date "2022.07.22"]
[Round "7.1"]
[White "Mardov, Dimitar"]
[Black "Woodward, Andy"]
[Result "1-0"]
[ECO "B90"]
[WhiteElo "2396"]
[BlackElo "2486"]
[Annotator "TA"]
[PlyCount "217"]
[EventDate "2022.07.20"]
[EventType "tourn"]
[EventCountry "USA"]
[SourceTitle "playchess.com"]
[Source "ChessBase"]
[SourceQuality "1"]
[TimeControl "5400+30"]

1. e4 c5 2. Nf3 d6 3. d4 cxd4 4. Nxd4 Nf6 5. Nc3 a6 6. h3 e5 7. Nb3 h5 {[%emt 0:02:29] B90: Sicilian Najdorf: Unusual White 6th moves, 6 Be3 Ng4 and 6 Be3 e5.} (7... Be7 $11) 8. Be2 {[%emt 0:04:19] 8.f4 is becoming the main line.} Be6 9. O-O Nbd7 {[%emt 0:02:49] [#] White has an edge.} 10. f4 $146 ({Predecessor:} 10. a4 Rc8 11. Bg5 Be7 12. a5 g6 13. Re1 O-O 14. Bf3 Nh7 15. Be3 {½-½ (42) Solodovnichenko,Y (2561)-Olsen,F (2397) Skanderborg 2021}) 10... Rc8 11. Bf3 Be7 12. f5 Bc4 13. Re1 b5 14. a3 a5 15. Nd2 b4 16. Nxc4 Rxc4 17. axb4 axb4 18. Na4 (18. Nd5 {feels hotter.} Nxd5 19. Qxd5 Rxc2 20. Ra8) 18... O-O 19. b3 Rc8 (19... Rd4 $15 20. Qe2 d5) 20. Bd2 $11 d5 21. exd5 Bd6 22. c4 Qe8 $2 (22... bxc3 $1 $11 23. Nxc3 (23. Bxc3 Re8 $11) 23... Bc5+ 24. Kh1 Bf2) 23. Bf4 $36 {[%emt 0:03:56][%mdl 2048] Black is under strong pressure. White is more active.} (23. Bxh5 e4 24. Be2 Qe5 $11) 23... exf4 24. Rxe8 $18 Rfxe8 25. Ra2 Re3 26. Re2 {[%emt 0:02:32] aiming for Rxe3.} (26. Bxh5 Nxh5 27. Qxh5 Re1+ 28. Kh2 f3+ 29. g3 Re3 $15) 26... h4 $2 (26... Rce8 $16 27. Rxe3 fxe3) 27. Rxe3 fxe3 {[%emt 0:00:51] [#]} 28. Kf1 $1 Nc5 29. Nxc5 Bxc5 30. Qa1 Ne8 31. Be4 $2 (31. f6) 31... Nd6 32. Bd3 {[%emt 0:00:50] f6 is the strong threat.} Re8 33. Ke2 {[%emt 0:00:25] Strongly threatening f6.} f6 34. Qa5 Rc8 35. Bc2 Kh7 36. Qa4 Rc7 37. Qa5 Rc8 38. Qa1 Kg8 39. Bd3 $2 (39. Qa2 $18) 39... Rc7 $2 (39... Re8 $11 40. Qa5 Rc8) 40. Qa8+ Rc8 41. Qa6 Rc7 42. Kf3 $2 (42. Bb1 $18) 42... Kh7 $2 (42... Re7 $11) 43. Qa5 Rc8 44. g3 hxg3 45. Kxg3 Kh6 (45... Re8 $16 {keeps fighting.}) 46. Kf3 Kh7 47. h4 Kh6 48. Ke2 Kh7 49. h5 Nf7 50. Qa1 (50. Be4 $18 {has better winning chances.}) 50... Kh6 (50... Rc7 $16 {is a better defense.} 51. Qa5 Rc8) 51. d6 Bxd6 52. Qa7 ({Don't do} 52. Kxe3 $6 Bc5+ 53. Kd2 Ne5 $18) 52... Rc7 53. Qxe3+ Ng5 $2 (53... Kh7) 54. Qb6 Re7+ 55. Kd1 Bf4 (55... Rd7 $142 56. Qd4 Rd8) 56. Qd8 Re3 57. Qh8+ Nh7 58. Kc2 Rg3 59. Be4 {[%emt 0:00:44] Against Rg2+} Rc3+ 60. Kd1 Rxb3 61. Bd5 Rd3+ 62. Kc2 $2 (62. Ke2 $18 Rg3 63. Bg8 Kxh5 64. Bxh7) 62... Rc3+ $11 63. Kb2 {[%emt 0:00:55] And now Bg8 would win. Chess con chili.} Be5 $1 {[%emt 0:01:23] Threatens to win with ...b3.} 64. Bg8 (64. Kb1 $14 {feels stronger.} Ra3 65. Qe8) 64... Rg3+ $2 {[%emt 0:00:09][%mdl 8192] Black is now going downhill.} (64... Ra3+ $1 $11 65. Kc1 {[#]} b3 $1 66. Qxh7+ Kg5) 65. Kc1 b3 (65... Kxh5 $142 66. Qxh7+ Kg5) 66. Qxh7+ $18 {[%emt 0:00:11] White is clearly winning.} Kg5 67. Qxg7+ Kxh5 68. Bf7+ Kh4 69. Qh6+ Kg4 70. Bh5+ Kxf5 71. Qh7+ Kf4 (71... Ke6 $142 72. Be8 Kd6) 72. Bd1 b2+ 73. Kb1 {[%emt 0:00:18] Hoping for c5.} Ke3 74. c5 Kd4 75. Kxb2 Kxc5+ 76. Kc2 Kd4 77. Qd7+ Ke4 78. Be2 Kf4 79. Bd3 Rg2+ 80. Kb3 Ke3 81. Kc4 Rg3 82. Qa7+ Kf3 83. Kd5 Rg4 84. Ke6 Rd4 85. Qa3 Rd6+ 86. Kf5 Ke3 87. Bb1+ Kd4 88. Qb4+ Ke3 89. Be4 Rd2 90. Qc5+ Rd4 91. Qc3+ Ke2 92. Qc1 Kf2 93. Qc2+ Ke3 94. Qg2 Rd2 95. Qf3+ Kd4 96. Ke6 Kc5 97. Bd3 Rb2 98. Qd5+ Kb4 99. Qc4+ Ka3 100. Qc5+ Kb3 101. Kd5 Rh2 102. Qc4+ Ka3 103. Qb5 Rb2 104. Qa5+ Kb3 105. Kc5 {[%emt 0:00:22] White wants to mate with Qb4+.} Rh2 106. Qb4+ Ka2 107. Bc4+ Ka1 108. Qa3+ Kb1 109. Bd3+ {[%emt 0:00:06] Weighted Error Value: White=0.24 (precise) /Black=0.45} 1-0

[Event "1000GM Saint Louis 2022"]
[Site "Saint Louis"]
[Date "2022.07.22"]
[Round "7.3"]
[White "Dragun, Kamil"]
[Black "Eswaran, Ashritha"]
[Result "1-0"]
[ECO "B15"]
[WhiteElo "2563"]
[BlackElo "2394"]
[Annotator "TA"]
[PlyCount "127"]
[EventDate "2022.07.20"]
[EventType "tourn"]
[EventCountry "USA"]
[SourceTitle "playchess.com"]
[Source "ChessBase"]
[SourceQuality "1"]
[TimeControl "5400+30"]

1. e4 c6 2. d4 d5 3. Nc3 dxe4 4. Nxe4 Nf6 5. Nxf6+ exf6 6. c3 Bd6 7. Bd3 O-O 8. Ne2 Re8 9. O-O {[%emt 0:00:09] B15: Caro-Kann: 3 Nc3: 3...g6 and 3...dxe4 4 Nxe4 Nf6 5 Nxf6+ exf6.} Nd7 10. Ng3 g6 {[%emt 0:05:51] Against Nf5} 11. Bh6 {[%emt 0:01:02] [#] White is slightly better.} (11. Ne4 $5 Be7 12. Re1 $14) 11... Nb6 $146 ({Predecessor:} 11... Nf8 12. Qd2 Ne6 13. Rae1 Bd7 14. f4 f5 15. Bxf5 gxf5 16. Nxf5 Bc7 17. Rf3 Nf8 18. Rxe8 Qxe8 {1-0 (27) Mista,A (2541)-Ostrovskiy,A (2409) Charlotte 2022}) 12. Qd2 Be6 13. b3 f5 14. c4 Be7 15. Bc2 Bf6 16. Rad1 a5 17. a4 Qe7 18. Rfe1 Qb4 19. Qc1 (19. Qf4 {is interesting.} Rad8 20. Re3 Bc8 21. Ne4) 19... Nd7 $1 20. Ne2 Nb8 21. Bd2 $36 {[%emt 0:11:08][%mdl 2048] White has some pressure.} (21. Qf4 {is more complex.} Bg7 22. Bxg7 Kxg7 23. Ng3) 21... Qb6 22. Be3 {[%emt 0:00:28] Hoping for d5.} Qc7 (22... Qb4 $11 {keeps the balance.}) 23. Nf4 $16 {[%emt 0:02:43] White stays focused until the end.} Na6 24. d5 ({Much worse is} 24. Nxe6 fxe6 25. Bg5 Bxg5 26. Qxg5 Nb4 $11) 24... cxd5 (24... Bd7 $1 $14) 25. cxd5 ({Reject} 25. Nxd5 $6 Bxd5 26. Rxd5 Nb4 $11) 25... Nb4 (25... Bd7 $16) 26. dxe6 $18 {[%emt 0:06:10] Threatens to win with Rd7.} Qxc2 {[%emt 0:00:26] [#]} 27. Nd5 $1 Rxe6 {[%emt 0:06:27] [#]} 28. Nc7 $1 Qxc1 29. Rxc1 f4 30. Nxa8 fxe3 31. Rxe3 Rd6 32. g3 Na6 (32... Rd8 $142) 33. Nc7 {[%emt 0:03:42] And now Ne8 would win.} Nxc7 34. Rxc7 {[%emt 0:00:02][%mdl 4096] Endgame KRR-KRB} b6 35. Rf3 h5 36. h4 Kg7 37. Rb7 Kf8 38. Kf1 Kg7 39. Ke2 Kf8 40. Rd3 Re6+ 41. Kd2 {[%emt 0:00:15] aiming for Rdd7.} Be7 42. Rf3 Rc6 43. Kd3 Bf6 44. Ke4 Be7 45. Kd4 Rc1 46. Kd3 Rc6 47. Rf4 Bf6 48. Rc4 Rd6+ 49. Ke4 Bb2 50. f4 Kg7 51. Rbc7 Rd1 52. R7c6 {[%emt 0:00:48] White is clearly winning.} Rg1 53. Kf3 Rd1 54. Rxb6 Rd3+ 55. Kg2 Bc3 (55... Rd2+ $142 56. Kh3 Ba3) 56. Rc7 Be1 57. Rbb7 Rxg3+ 58. Kf1 Re3 59. Rxf7+ Kg8 60. Rfe7 Rxe7 61. Rxe7 Bxh4 62. Re5 Bg3 63. Rxa5 Bxf4 64. Rb5 {[%emt 0:00:06] Weighted Error Value: White=0.08 (flawless) /Black=0.25 (precise)} 1-0

[Event "1000GM Saint Louis 2022"]
[Site "Saint Louis"]
[Date "2022.07.22"]
[Round "7.4"]
[White "Kretchetov, Alexandre"]
[Black "Abrahamyan, Tatev"]
[Result "1/2-1/2"]
[ECO "A32"]
[WhiteElo "2219"]
[BlackElo "2291"]
[Annotator "TA"]
[PlyCount "73"]
[EventDate "2022.07.20"]
[EventType "tourn"]
[EventCountry "USA"]
[SourceTitle "playchess.com"]
[Source "ChessBase"]
[SourceQuality "1"]
[TimeControl "5400+30"]

1. d4 Nf6 2. c4 e6 3. Nc3 Bb4 4. e3 O-O 5. Bd2 c5 6. Nf3 cxd4 7. Nxd4 Nc6 8. a3 Be7 9. Nb3 {[%emt 0:09:28] A32: Symmetrical English: 2 Nf3 Nf6 3 d4 cxd4 4 Nxd4 e6.} d5 10. cxd5 exd5 {[%emt 0:00:55] [#]} 11. Bc1 $146 (11. Be2 $11) ({Predecessor:} 11. Be2 a6 12. O-O Bd6 13. g3 Be5 14. Qc2 Bh3 15. Rfd1 Rc8 16. Be1 Qe7 17. Bf3 Rfd8 18. Qe2 Be6 19. Nd4 Nxd4 20. exd4 Bb8 21. Na4 {½-½ (21) Przedmojski,R (2397)-Koziak,V (2489) Police 2008}) 11... Be6 12. Be2 Ne4 13. Nb5 Bf6 14. O-O Qb6 15. N5d4 Rac8 16. Nxe6 fxe6 17. Nd2 Nxd2 ({Don't take} 17... Bxb2 18. Bxb2 Qxb2 19. Nxe4 dxe4 20. Rb1 $14) 18. Bxd2 Qxb2 19. Rb1 Qxa3 20. Rxb7 Rb8 21. Qb1 Bc3 22. Bc1 Qd6 23. Bd3 (23. Rxb8 $11 {remains equal.} Rxb8 24. Qd3) 23... Rxb7 $17 24. Qxb7 Ne5 $1 25. Be2 Qb6 (25... a5 $1 $17) 26. Qe7 $15 Ng6 27. Qd7 Rd8 (27... Rb8 {is more complex.} 28. Ba3 Nf8 29. Bxf8 Rd8) 28. Qa4 a5 29. Qc2 (29. Ba3 $15) 29... Qb4 $17 30. Rd1 {[%emt 0:03:11] [#]} (30. Bd1 $17) 30... a4 $1 $19 31. Rd3 (31. Bd2 {is the only way for White.} Bxd2 32. Qxd2) 31... Bf6 $2 ({Black should try} 31... Rc8 $19 {And now ...Qb3 would win.} 32. Bd2 Qb2) 32. Ba3 (32. g3 $1 $11 {keeps the balance.}) 32... Qa5 (32... Qe1+ $17 33. Bf1 Ne5) 33. Qc6 $1 $36 {[%emt 0:00:37][%mdl 2048] Black is under pressure.} Qe1+ 34. Bf1 {[%emt 0:00:08] This bishop pair is nice.} Nf8 35. Qxa4 Rc8 {[%emt 0:00:45] [#]} ({Black should play} 35... Qa1 $14) 36. Rd1 $1 $18 Qc3 37. Rc1 {[%emt 0:00:02] Against Qc2. White used his chance.  Weighted Error Value: White=0.22 (precise) /Black=0.39} 1/2-1/2